 Dungeon Crawl Stone Soup version 0.32-a0-938-g40ac7a0 (webtiles) character file.

Game seed: 10467390002112975469

34 Dorkslayer the Ducker (level 3, -3/26 HPs)
             Began as an Octopode Fighter on Apr 18, 2024.
             Slain by a gnoll
             ... wielding a +0 halberd
              (4 damage)
             ... on level 2 of the Dungeon.
             The game lasted 00:02:42 (1059 turns).

Dorkslayer the Ducker (Octopode Fighter)            Turns: 1059, Time: 00:02:42

Health: -3/26      AC:  1    Str: 17    XL:     3   Next: 31%
Magic:  3/3        EV: 12    Int: 10    God:
Gold:   27         SH:  4    Dex: 11    Spells: 2/2 levels left

rFire   . . .        a - +0 war axe
rCold   . . .        b - +0 buckler
rNeg    . . .        (helmet restricted)
rPois   .            (no amulet)
rElec   .            (no ring)
rCorr   .            (no ring)
SInv    .            (no ring)
Will    .....        (no ring)
Stlth   ++           (no ring)
HPRegen 0.24/turn    (no ring)
MPRegen 0.08/turn    (no ring)
                     (no ring)

%: no passive effects
@: no status effects
A: almost no armour, amphibious, 8 rings, camouflage 1, gelatinous body 1,
(nimble swimmer 1), tentacles
a: no special abilities


You were on level 2 of the Dungeon.
You visited 1 branch of the dungeon, and saw 2 of its levels.

You collected 27 gold pieces.

Inventory:

Hand Weapons
 a - a +0 war axe (weapon)
Armour
 b - a +0 buckler (worn)
Scrolls
 d - 3 scrolls of identify {unknown}
 e - a scroll of fear {unknown}
 g - a scroll of teleportation {unknown}
Potions
 c - a potion of might
 f - a potion of heal wounds {unknown}
 h - a potion of invisibility {unknown}


   Skills:
 + Level 3.3 Fighting
 + Level 2.3 Axes
 + Level 3.3 Dodging
 + Level 1.1 Stealth
 + Level 3.3 Shields


You had 2 spell levels left.
You didn't know any spells.
Your spell library was empty.

Dungeon Overview and Level Annotations

Branches:
Dungeon (2/15)

Altars:

Shops:
D:1 (


Innate Abilities, Weirdness & Mutations

You cannot wear most types of armour.
You are amphibious.
You can wear up to eight rings at the same time.
Your skin changes colour to match your surroundings (Stealth+).
Your rubbery body absorbs attacks. (AC +1, EV +1)
((You are camouflaged when in or above water. (Stealth+)))
You have tentacles for arms and can constrict up to eight enemies at once.


Message History

You hit the hobgoblin.
You kill the hobgoblin! 3 gnolls and a kobold come into view.
The gnoll shouts! x2
You see here a hobgoblin corpse.
You hit the gnoll. You grab the gnoll.
The gnoll is moderately wounded.
You constrict the gnoll.
The gnoll struggles to escape constriction.
The gnoll closely misses you.
You hit the gnoll but do no damage. You squeeze the gnoll.
The gnoll is severely wounded.
You constrict the gnoll. The gnoll misses you.
You hit the gnoll.
You kill the gnoll!
The gnoll barely misses you.
You have reached level 3!
Your experience leads to an increase in your attributes!
Increase (S)trength, (I)ntelligence, or (D)exterity?
You feel stronger. x2
A giant cockroach comes into view.
The giant cockroach moves out of view.
You closely miss the gnoll. Your grab misses the gnoll.
The gnoll hits you with a +0 club.
You completely miss the gnoll. Your grab misses the gnoll.
You block the gnoll's attack.
You hit the gnoll. You grab the gnoll.
The gnoll is heavily wounded.
You constrict the gnoll. The gnoll completely misses you.
The gnoll hits you with a +0 club!
You hit the gnoll.
You kill the gnoll!
Your Stealth skill increases to level 1!
The gnoll hits you from afar with a +0 halberd!
Ouch! That really hurt!
* * * LOW HITPOINT WARNING * * *
Things that are here:
a +0 club; a hobgoblin corpse The gnoll hits you with a +0 halberd.
You die...

###. ... ..#
#.###.#
#.^<#.#
##..#.#
#$####..#.#
#.......#.#
#######.#)##
#...B@g#
#.#.#..#
...#.#..#
### #.#...#
#.#.#.#
..#.#.#
###....
....K.


You could see a gnoll, a giant cockroach and a kobold (asleep).

Vanquished Creatures
  2 gnolls (D:2)
  A bat (D:1)
  An endoplasm (D:1)
  A giant cockroach (D:1)
  2 hobgoblins
  A kobold (D:1)
  4 ball pythons (D:1)
  2 frilled lizards (D:1)
  A rat (D:1)
15 creatures vanquished.

Notes
Turn   | Place    | Note
-------+----------+-------------------------------------------
     0 | D:1      | Dorkslayer the Octopode Fighter began the quest for the
                  | Orb.
     0 | D:1      | Reached XP level 1. HP: 16/16 MP: 1/1
   226 | D:1      | Found Rymoiv's Weapon Shoppe.
   532 | D:1      | Reached XP level 2. HP: 14/21 MP: 2/2
   590 | D:1      | Found a faded altar of an unknown god.
  1053 | D:2      | Reached XP level 3. HP: 26/26 MP: 3/3
  1058 | D:2      | Reached skill level 1 in Stealth
  1058 | D:2      | HP: 1/26 [gnoll/+0 halberd (15)]
  1059 | D:2      | Slain by a gnoll

Illustrated notes

Levels and vault maps discovered:
D:1:      psy_arrival_radial02, layout_basic, serial_shops, shop,
          shapermc_ecumenical_altar_mp_highgroup, serial_park_tiny_2
D:2:      layout_basic, item_on_display_a

Skill      XL: |  1  2  3 |
---------------+----------+-----
Stealth        | 1 |  1.1
Fighting       | |  3.3
Axes           | |  2.3
Dodging        | |  3.3
Shields        | |  3.3

Action                     || total
---------------------------++-------
  Melee: War axe           ||    32
         Constrict         ||     7
         Tentacles         ||     3
   Stab: Sleeping          ||     3
 Armour: Skin              ||    15
  Dodge: Dodged            ||    21
  Block: Buckler           ||     9

Table legend: (Time is in decaauts)
 A = Elapsed time spent in this place.
 B = Non-inter-level travel time spent in this place.
 C = Inter-level travel time spent in this place.
 D = Time resting spent in this place.
 E = Time spent auto-exploring this place.
 F = Levels seen in this place.
 G = Mean time per level.
                   A        B        C        D        E       F      G
               +--------+--------+--------+--------+--------+-----+--------+
         Total |   1073 |   1073 |      0 |      0 |    752 |   2 |  536.5 |
       Dungeon |   1073 |   1073 |      0 |      0 |    752 |   2 |  536.5 |
               +--------+--------+--------+--------+--------+-----+--------+

Top non-repeatable levels by time:
     D:1: 1052 daAuts
     D:2: 20 daAuts
